 Dungeon Crawl Stone Soup version 0.23.2-1-ga50397a6bc (webtiles) character file.

Game seed: 14636424118898033929

6178 FluffierThanThou the Blocker (level 10, -2/93 HPs)
             Began as a Minotaur Fighter on May 18, 2019.
             Was a High Priest of Okawaru.
             Slain by an unseen horror (8 damage)
             ... on level 9 of the Dungeon.
             The game lasted 00:22:48 (7981 turns).

FluffierThanThou the Blocker (Minotaur Fighter)     Turns: 7981, Time: 00:22:48

Health: -2/93      AC: 14    Str: 26    XL:     10   Next: 60%
Magic:  8/10       EV: 12    Int:  5    God:    Okawaru [*****.]
Gold:   646        SH: 15    Dex: 11    Spells: 9/9 levels left

rFire    . . .     SeeInvis .   a - +0 long sword
rCold    . . .     Gourm    .   c - +0 shield
rNeg     . . .     Faith    .   u - +0 chain mail
rPois    .         Spirit   .   (helmet restricted)
rElec    .         Reflect  .   (no cloak)
rCorr    .         Harm     .   (no gloves)
MR       .....                  k - +0 pair of boots
Stlth    ..........             (no amulet)
HPRegen  0.25/turn              t - +3 ring of strength
MPRegen  0.12/turn              (no ring)

@: heroism
A: retaliatory headbutt, horns 2
a: Heroism, Finesse, Renounce Religion


You were on level 9 of the Dungeon.
You worshipped Okawaru.
Okawaru was extremely pleased with you.
You were hungry.

You visited 2 branches of the dungeon, and saw 11 of its levels.

You collected 646 gold pieces.

Inventory:

Hand Weapons
 a - a +0 long sword (weapon)
 s - a cursed -3 morningstar
Armour
 b - a +0 scale mail
 c - a +0 shield (worn)
 k - a +0 pair of boots (worn)
 u - a +0 chain mail (worn)
Jewellery
 t - a +3 ring of strength (left hand)
 B - an uncursed amulet of regeneration {unknown}
Wands
 q - a wand of iceblast (5)
 G - a wand of random effects (17)
 I - a wand of flame (13)
Scrolls
 g - a scroll of amnesia {unknown}
 h - 12 scrolls of remove curse
 i - 2 scrolls of fog {unknown}
 m - 3 scrolls of teleportation {unknown}
 n - 3 scrolls of immolation
 o - 11 scrolls of identify {unknown}
 r - 3 scrolls of magic mapping {unknown}
 x - 2 scrolls of enchant weapon {unknown}
 y - 3 scrolls of enchant armour {unknown}
 z - 2 scrolls of blinking {unknown}
 A - a scroll of random uselessness {unknown}
 D - a scroll of fear {unknown}
 E - a scroll of acquirement {unknown}
 F - a scroll of summoning {unknown}
 H - a scroll of holy word {unknown}
Potions
 d - a potion of brilliance {unknown}
 j - a potion of resistance
 l - a potion of curing
 p - 2 potions of lignification {unknown}
 v - 2 potions of flight
 w - a potion of magic {unknown}
 C - 2 potions of might
Comestibles
 f - 19 rations


   Skills:
 * Level 10.0(15.0) Fighting
 + Level 10.4(15.4) Long Blades
 + Level 7.6(12.6) Armour
 + Level 2.8(7.8) Dodging
 + Level 0.8(5.8) Stealth
 * Level 11.3(16.3) Shields
 + Level 0.6 Invocations
 + Level 1.4 Evocations


You had 9 spell levels left.
You didn't know any spells.
Your spell library contained the following spells:

 Spells                   Type           Power        Failure   Level  Hunger
 Magic Dart               Conj           #...         92%         1    ##.....
 Blink                    Tloc           N/A          98%         2    ###....
 Call Imp                 Summ           #.......     98%         2    ###....
 Searing Ray              Conj           #.....       98%         2    ###....
 Slow                     Hex            #.......     98%         2    ###....
 Conjure Flame            Conj/Fire      #.......     100%        3    ####...
 Dazzling Spray           Conj/Hex       #.....       100%        3    ####...
 Mephitic Cloud           Conj/Pois/Air  #.......     100%        3    ####...
 Force Lance              Conj/Tloc      #.......     100%        4    #####..
 Fulminant Prism          Conj/Hex       #.........   100%        4    #####..
 Iskenderun's Mystic Bla  Conj           #.......     100%        4    #####..


Dungeon Overview and Level Annotations

Branches:
Dungeon (10/15)            Temple (1/1) D:7             Orc (0/2) D:10
   Lair: D:8-11

Altars:
Ashenzari
Cheibriados
Dithmenos
Elyvilon
Fedhas
Gozag
Hepliaklqana
Kikubaaqudgha
Makhleb
Nemelex Xobeh
Okawaru
Qazlal
Ru
Sif Muna
Trog
Uskayaw
Vehumet
Wu Jian
Xom
Yredelemnul
Zin
The Shining One

Annotations:
D:4 1 runed translucent door, Mrkan's ghost, novice GrFi
D:7 exclusions: door and 1 more exclusion
D:8 exclusion: upstairs
D:9 2 transporters, Mrkan's ghost, novice MiFi


Innate Abilities, Weirdness & Mutations

You reflexively headbutt those who attack you in melee.
You have a pair of horns on your head.


Message History

You climb upwards.
Level annotation: 2 transporters, Mrkan's ghost, novice MiFi Reactivating autopickup.
There is a stone staircase leading down here.
You fail to use your ability.
Something hits you.
* * * LOW HITPOINT WARNING * * *
Deactivating autopickup; reactivate with Ctrl-A.
Something hits you.
* * * LOW HITPOINT WARNING * * *
Unknown command.
You gain the combat prowess of a mighty hero.
Something hits you but does no damage.
Okay, then.
Something hits you but does no damage.
There is an open door here.
Something hits you.
* * * LOW HITPOINT WARNING * * *
Unknown command.
Something hits you!
You die...

....##.#### #.........#
....##....###.........#
....#####...'.........#
....## #####.........#
.....## ###'#######
.###..## #..# #####..#
#>## #.###.# ###'#####
#...##.#####....@..#
#.#.##.+..##.......#
#...##.....#.......#
.#.#.#..##.'.......#
..#%.#..####.......#
#%#.©#©.# #.......#
..#..#.## #####'###
.#.#.#.# #.## #...##.#
#..#


There were no monsters in sight!

Vanquished Creatures
  Harold (D:8)
  A komodo dragon (D:8)
  A hornet (D:9)
  A hippogriff (D:9)
  A spriggan (D:8)
  A wyvern (D:9)
  Eustachio (D:5)
  A hungry ghost (D:7)
  Duvessa (D:6)
  A water moccasin (D:7)
  2 ogres
  4 ice beasts
  6 orc warriors
  2 black bears
  3 phantoms
  4 sky beasts
  2 centaurs
  2 big kobolds (D:8)
  4 bullfrogs
  Dowan (D:6)
  A scorpion (D:7)
  6 killer bees (D:9)
  3 crimson imps
  A bullfrog zombie (D:7)
  Crazy Yiuf (D:4)
  3 orc priests
  3 hounds
  A gnoll shaman (D:4)
  2 jellies
  2 centaur skeletons
  10 orc wizards
  4 bullfrog skeletons
  2 worker ants
  A howler monkey zombie (D:8)
  5 gnolls (D:4)
  16 adders
  A shadow imp (D:5)
  2 oozes
  2 adder skeletons
  A worm (D:2)
  A dart slug (D:2)
  6 leopard geckos
  24 orcs
  6 giant cockroaches
  11 goblins
  12 hobgoblins
  6 jackals
  4 quokkas
  A ball python (D:3)
  10 bats
  7 frilled lizards
  A jackal skeleton (D:6)
  21 kobolds
  6 rats
223 creatures vanquished.

Vanquished Creatures (others)
  An orc wizard (D:10)
  3 toadstools (D:2)
4 creatures vanquished.

Grand Total: 227 creatures vanquished

Notes
Turn   | Place    | Note
-------+----------+-------------------------------------------
     0 | D:1      | FluffierThanThou the Minotaur Fighter began the quest for
                  | the Orb.
     0 | D:1      | Reached XP level 1. HP: 19/19 MP: 0/0
   107 | D:1      | Reached XP level 2. HP: 27/27 MP: 1/1
   110 | D:1      | Reached skill level 4 in Shields
   536 | D:1      | Reached XP level 3. HP: 29/33 MP: 2/2
   774 | D:2      | Found an iron altar of Okawaru.
   791 | D:2      | Became a worshipper of Warmaster Okawaru
  1004 | D:2      | Reached XP level 4. HP: 35/40 MP: 3/3
  1502 | D:3      | Noticed an ogre
  1509 | D:3      | Killed an ogre
  1509 | D:3      | Reached skill level 5 in Shields
  1509 | D:3      | Reached XP level 5. HP: 22/47 MP: 4/4
  1737 | D:3      | Reached * piety under Okawaru
  2018 | D:4      | Reached skill level 1 in Dodging
  2018 | D:4      | Reached XP level 6. HP: 47/55 MP: 5/5
  2020 | D:4      | Reached skill level 5 in Fighting
  2183 | D:4      | Reached skill level 6 in Shields
  2227 | D:4      | Reached skill level 5 in Long Blades
  2311 | D:4      | Found a runed translucent door.
  2311 | D:4      | Noticed Mrkan's ghost (novice GrFi)
  2331 | D:4      | Found a sparkling altar of Nemelex Xobeh.
  2339 | D:4      | Found a burning altar of Makhleb.
  2342 | D:4      | Found a hazy altar of Hepliaklqana.
  2345 | D:4      | Found a shattered altar of Ashenzari.
  2469 | D:4      | Found a runed translucent door.
  2470 | D:4      | Noticed Crazy Yiuf
  2508 | D:4      | Reached XP level 7. HP: 50/61 MP: 6/6
  2954 | D:4      | Killed Crazy Yiuf
  2984 | D:5      | Entered Level 5 of the Dungeon
  3101 | D:5      | Found a glowing golden altar of the Shining One.
  3130 | D:5      | Noticed Eustachio
  3142 | D:5      | Killed Eustachio
  3156 | D:5      | Reached skill level 7 in Shields
  3484 | D:6      | Noticed Dowan
  3504 | D:6      | Killed Dowan
  3504 | D:6      | Reached XP level 8. HP: 71/71 MP: 4/7
  3509 | D:6      | Noticed Duvessa
  3527 | D:6      | Reached ** piety under Okawaru
  3529 | D:6      | Killed Duvessa
  3529 | D:6      | Reached skill level 5 in Armour
  4330 | D:7      | Found a staircase to the Ecumenical Temple.
  4344 | Temple   | Entered the Ecumenical Temple
  4501 | D:7      | Reached skill level 8 in Shields
  4545 | D:7      | Found a shadowy altar of Dithmenos.
  4548 | D:7      | Found a hide-covered altar of Uskayaw.
  4569 | D:7      | Reached *** piety under Okawaru
  4979 | D:7      | Noticed a hippogriff
  5093 | D:7      | Reached XP level 9. HP: 77/79 MP: 8/8
  5506 | D:8      | Noticed Harold
  5519 | D:8      | Killed Harold
  5519 | D:8      | Reached **** piety under Okawaru
  5519 | D:8      | Reached skill level 9 in Shields
  5530 | D:8      | Reached skill level 1 in Evocations
  5682 | D:8      | Noticed a komodo dragon
  5696 | D:8      | Killed a komodo dragon
  5801 | D:8      | Reached skill level 10 in Shields
  6257 | D:8      | Reached XP level 10. HP: 81/91 MP: 10/10
  6783 | D:9      | Found a transporter.
  6786 | D:9      | Found a transporter.
  6788 | D:9      | Noticed Mrkan's ghost (novice MiFi)
  7181 | D:9      | Reached skill level 10 in Long Blades
  7315 | D:10     | Entered Level 10 of the Dungeon
  7531 | D:10     | Reached ***** piety under Okawaru
  7539 | D:10     | Reached skill level 11 in Shields
  7662 | D:10     | Reached skill level 10 in Fighting
  7834 | D:10     | Found a staircase to the Orcish Mines.
  7981 | D:9      | Slain by an unseen horror

Skill      XL: |  1  2  3  4  5  6  7  8  9 10 |
---------------+-------------------------------+-----
Shields        | 4 5 6 7 8 10 11 | 11.3
Fighting       | 4 5 6 7 9 10 | 10.0
Armour         | 4 5 6 7 |  7.6
Long Blades    | 3 4 5 6 8 9 10 | 10.4
Dodging        | 1 2 |  2.8
Evocations     | 1 |  1.4
Stealth        | |  0.8
Invocations    | |  0.6

Action                   |  1- 3 |  4- 6 |  7- 9 | 10-12 || total
-------------------------+-------+-------+-------+-------++-------
Melee: Long sword        |    87 |   187 |   263 |   174 ||   711
       Headbutt          |    15 |    34 |    65 |    40 ||   154
Invok: Heroism           |       |       |     5 |     3 ||     8
Evoke: Wand              |       |       |     3 |       ||     3
  Use: Scroll            |       |     1 |       |       ||     1
       Potion            |       |       |     2 |     8 ||    10
  Eat: Chunk             |       |     5 |     5 |     6 ||    16
       Ration            |       |       |     2 |       ||     2
Armor: Scale mail        |    30 |    55 |       |       ||    85
       Chain mail        |       |    33 |    91 |   108 ||   232
Dodge: Dodged            |    28 |    63 |    65 |    51 ||   207
Block: Shield            |    34 |   100 |   129 |   129 ||   392
       Rpst.: Long sword |    10 |    16 |    20 |    13 ||    59
